Map: Whitewater Line LE

Players

DeadleeMouse

  • Race: Protoss Protoss
  • Spawn Location: 7:00

MortaliTy

  • Race: Zerg Zerg
  • Spawn Location: 6:00

Zwipez

  • Race: Zerg Zerg
  • Spawn Location: 7:00

Throwfordays - Winner!

  • Race: Protoss Protoss
  • League: Silver
  • Spawn Location: 12:00

Cthulhu - Winner!

  • Race: Zerg Zerg
  • Spawn Location: 1:00

Faust - Winner!

  • Race: Terran Terran
  • League: Diamond
  • Spawn Location: 1:00

VOD

Have the link to the VOD?

Description

Time

  • Played on: March 4, 2019, 11:24 p.m.
  • Length: 20:27
Show
View Real Time Build Order
Export as new Build Order

DeadleeMouse Protoss 

Build Orders: 1 Gate Expand 

Get SALT Encoding   

  12  0:01  Probe  
  13  0:14  Probe  
  14  0:27  Pylon, Probe  
  15  0:36  Assimilator  
  15  0:45  Probe  
  16  0:52  Gateway  
  16  1:02  Probe  
  17  1:22  Probe  
  18  1:30  Probe  
  18  1:33  Nexus  
  19  1:42  Zealot  
  21  1:49  Pylon  
  21  1:58  Pylon  
  21  2:07  Assimilator  
  21  2:10  Probe  
  21  2:12  Zealot  
  24  2:22  Probe  
  25  2:24  Pylon  
  25  2:34  Probe  
  25  2:35  Assimilator  
  26  2:37  Pylon  
  26  2:41  Pylon  
  26  2:47  Pylon  
  26  2:50  Probe  
  27  2:54  Probe  
  28  3:02  Probe x2  
  30  3:17  Forge  
  30  3:21  Zealot  
  30  3:24  Probe  
  33  3:36  Probe  
  34  3:41  Probe  
  34  3:42  Cybernetics Core  
  35  3:53  Photon Cannon, Probe  
  36  3:59  Photon Cannon  
  36  4:06  Probe  
  37  4:18  Probe  
  37  4:19  Photon Cannon  
  37  4:21  Photon Cannon  
  37  4:22  Photon Cannon  
  38  4:38  Shield Battery  
  38  4:57  Gateway  
  38  5:00  Gateway  
  38  5:01  Gateway  
  38  5:06  Gateway  
  38  5:12  Twilight Council  
  33  5:18  Photon Cannon  
  28  5:37  Probe  
  29  5:47  Warp Gate  
  29  5:49  Probe  
  28  6:01  Probe  
  29  6:06  Shield Battery  
  29  6:12  Pylon  
  29  6:13  Probe  
  30  6:20  Pylon  
  30  6:24  Probe  
  30  6:25  Probe  
  32  6:36  Probe  
  32  6:37  Probe  
  34  6:44  Probe  
  34  6:46  Probe  
  34  6:52  Probe  
  36  6:54  Probe  
  36  6:58  Stalker  
  40  7:01  Stalker  
  40  7:02  Stalker x3  
  40  7:04  Probe  
  46  7:17  Probe  
  44  7:26  Probe  
  44  7:28  Stalker  
  47  7:31  Stalker  
  41  7:47  Protoss Ground Weapons Level 1  
  40  7:55  Stalker x3  
  41  8:19  Stalker x3  
  47  8:20  Stalker  
  43  8:43  Stalker x2  
  43  8:44  Stalker  
  43  8:46  Zealot  
  51  8:52  Probe  
  52  9:27  Stalker  
  51  9:32  Probe  
  24  10:55  Probe  
  25  11:01  Probe  
  24  11:07  Probe  
  25  11:19  Probe  
  25  11:31  Probe  
  26  11:43  Probe  
  27  11:56  Probe  
  27  12:01  Probe  
  29  12:08  Probe  
  15  12:25  Probe  
  16  12:37  Probe  
  17  12:49  Probe  
  18  13:01  Probe  
  19  13:13  Stalker x2, Probe  
  19  13:14  Stalker x3  
  30  13:21  Probe  
  31  13:29  Probe  
  32  13:38  Stalker  
  32  13:39  Stalker x2  
  32  13:40  Probe  
  39  13:52  Probe  
  40  14:21  Stalker  
  42  15:03  Zealot  
  42  15:04  Zealot x3  
  42  15:05  Zealot  
  52  15:25  Zealot x3  
  52  15:26  Zealot x2  
  62  15:57  Zealot x4  
  62  15:58  Zealot  
  66  17:03  Zealot  
  66  17:04  Zealot x4  
  76  17:35  Zealot x3  
  76  17:36  Zealot x2  
  86  18:02  Probe  
  87  18:14  Probe  
  88  18:27  Probe  
  89  18:30  Stalker  
  89  18:31  Stalker x4  
  99  18:39  Probe  
  100  18:51  Probe  
  101  19:04  Pylon  
  101  19:05  Pylon  
  101  19:06  Pylon  
  101  19:28  Stalker x4  
  101  19:29  Stalker  
  29  20:05  Zealot  
  29  20:06  Zealot x4  
Show
View Real Time Build Order
Export as new Build Order

MortaliTy Zerg 

Build Orders: Hatch First 

Get SALT Encoding   

  12  0:01  Drone  
  13  0:12  Overlord  
  13  0:17  Drone  
  14  0:35  Drone x3  
  17  0:55  Hatchery  
  16  0:58  Drone  
  16  1:02  Extractor, Drone  
  17  1:08  Drone  
  18  1:20  Spawning Pool  
  18  1:25  Drone  
  18  2:07  Metabolic Boost  
  18  2:08  Queen  
  18  2:09  Queen  
  18  2:12  Drone  
  18  2:13  Drone x3  
  26  2:22  Overlord  
  26  2:31  Zergling x4  
  28  2:47  Extractor  
  28  2:49  Queen  
  29  2:52  Queen  
  29  2:53  Overlord  
  29  2:56  Zergling x2  
  32  3:05  Roach Warren  
  31  3:09  Drone  
  31  3:10  Drone  
  33  3:16  Drone  
  33  3:17  Drone  
  33  3:18  Drone  
  36  3:32  Spine Crawler  
  35  3:39  Spine Crawler  
  34  3:46  Zergling x2  
  34  3:47  Zergling x4  
  37  3:55  Zergling x2  
  38  4:16  Drone x2  
  38  4:17  Drone  
  41  4:28  Spine Crawler  
  40  4:31  Spore Crawler x2  
  40  4:34  Spore Crawler  
  40  4:36  Spore Crawler  
  40  4:37  Spore Crawler  
  35  4:41  Lair  
  30  5:04  Drone x3  
  30  5:05  Drone x3  
  36  5:08  Drone  
  37  5:30  Drone  
  37  5:31  Drone x4  
  37  5:32  Drone  
  42  6:16  Hydralisk Den  
  42  6:17  Roach  
  43  6:19  Overlord x5  
  43  6:42  Pneumatized Carapace  
  43  6:48  Hydralisk  
  43  6:49  Hydralisk x6  
  51  7:03  Hydralisk  
  51  7:05  Hydralisk  
  55  7:11  Extractor  
  55  7:12  Drone  
  55  7:13  Drone  
  56  7:25  Queen, Muscular Augments  
  58  7:46  Overlord x3  
  56  7:54  Glial Reconstitution  
  56  7:58  Drone x6  
  62  8:07  Drone x4  
  62  8:10  Extractor  
  65  8:22  Spire  
  65  8:24  Extractor  
  63  8:33  Drone x4  
  63  8:34  Drone  
  68  8:36  Drone x2  
  70  8:54  Hatchery  
  69  9:04  Roach x4  
  69  9:06  Roach  
  79  9:14  Roach x2  
  80  9:50  Zergling x24  
  80  9:51  Zergling x2  
  88  10:41  Drone x3  
  88  10:42  Queen  
  93  11:07  Ravager  
  94  11:14  Hatchery  
  94  11:17  Queen  
  95  11:30  Hydralisk  
  95  11:32  Overlord x3  
  97  11:33  Overlord x7  
  97  11:35  Hatchery  
  96  11:49  Hatchery  
  95  11:54  Drone  
  95  11:55  Drone  
  99  12:15  Roach  
  99  12:16  Roach x12  
  99  12:17  Roach  
  125  12:26  Queen  
  127  12:31  Drone  
  121  13:04  Corruptor x7  
  130  13:05  Corruptor  
  127  13:16  Corruptor  
  129  13:22  Corruptor  
  128  13:37  Spawning Pool  
  117  14:27  Drone  
  117  14:28  Drone x2  
  120  14:34  Hatchery  
  99  15:24  Hatchery  
  98  15:42  Drone x4  
  102  15:45  Drone x5  
  102  15:46  Drone x2  
  109  15:54  Drone  
  97  16:36  Drone x2  
  97  16:37  Drone x8  
  97  16:38  Drone x2  
  98  17:00  Drone x2  
  100  17:05  Drone x2  
  101  17:42  Hatchery  
  100  18:07  Lair  
  100  18:11  Extractor  
  99  18:21  Queen, Drone x3  
  104  18:27  Extractor  
  104  18:29  Extractor  
  90  18:51  Drone  
  90  18:52  Zergling x8  
  90  18:55  Queen  
  97  19:25  Drone x3  
  97  19:30  Queen  
Show
View Real Time Build Order
Export as new Build Order

Zwipez Zerg 

Build Orders: Hatch First 

Get SALT Encoding   

  12  0:03  Drone  
  13  0:16  Overlord  
  13  0:22  Drone  
  14  0:35  Drone x2  
  16  0:40  Drone  
  17  0:57  Hatchery  
  17  0:59  Drone  
  17  1:02  Drone  
  18  1:05  Extractor  
  17  1:11  Drone  
  18  1:24  Spawning Pool  
  18  1:25  Drone  
  18  1:37  Drone  
  19  1:47  Drone  
  20  1:54  Drone  
  21  2:05  Overlord  
  21  2:10  Metabolic Boost  
  21  2:15  Queen  
  21  2:16  Queen  
  21  2:20  Zergling x4  
  27  2:24  Drone  
  27  2:28  Drone  
  29  2:35  Drone  
  30  2:39  Drone  
  30  2:43  Drone  
  32  2:51  Drone  
  33  3:00  Drone  
  33  3:01  Drone  
  33  3:03  Roach Warren  
  34  3:05  Drone  
  34  3:12  Drone  
  36  3:20  Overlord  
  36  3:21  Overlord  
  35  3:33  Overlord x3  
  35  3:34  Overlord  
  35  3:39  Lair  
  35  3:42  Evolution Chamber  
  35  3:43  Evolution Chamber  
  33  3:59  Roach x6  
  45  4:11  Drone x2  
  47  4:29  Queen  
  49  4:50  Drone x6  
  55  5:04  Queen, Zerg Ground Armor Level 1  
  57  5:10  Extractor  
  56  5:16  Extractor  
  56  5:17  Extractor  
  54  5:27  Drone x6  
  57  6:02  Zerg Missile Weapons Level 1  
  57  6:03  Hydralisk Den  
  56  6:06  Drone x5  
  56  6:07  Drone  
  62  6:18  Spore Crawler  
  62  6:22  Spore Crawler  
  62  6:25  Drone x5  
  65  6:34  Grooved Spines  
  65  7:05  Hydralisk x2  
  65  7:06  Roach x3, Hydralisk  
  77  7:12  Zerg Ground Armor Level 2  
  77  7:17  Hydralisk  
  77  7:19  Zergling x2  
  80  7:38  Zergling x6  
  80  7:39  Zergling x2  
  84  8:06  Overlord x4  
  84  8:07  Overlord x2  
  84  8:31  Hydralisk x3  
  84  8:32  Roach x3  
  96  8:44  Hydralisk  
  96  8:45  Roach  
  100  9:02  Overlord x3  
  100  9:05  Zergling x10  
  105  9:23  Roach, Hydralisk x2  
  105  9:41  Hydralisk x4  
  105  9:42  Roach x3  
  111  9:55  Hydralisk x2  
  111  9:56  Roach  
  102  10:02  Hydralisk x3  
  102  10:03  Roach x3  
  110  10:12  Zerg Missile Weapons Level 2  
  110  10:13  Zerg Melee Weapons Level 1  
  108  10:37  Roach, Hydralisk x3  
  108  10:38  Roach x2  
  118  10:49  Hydralisk x2  
  108  10:50  Roach x3, Hydralisk  
  116  11:04  Hatchery  
  116  11:07  Zergling x4  
  115  11:28  Roach, Hydralisk x2  
  115  11:29  Roach  
  113  11:56  Hydralisk x4  
  113  11:57  Roach x4  
  129  12:21  Hydralisk  
  129  12:22  Roach x2, Hydralisk  
  137  12:27  Hydralisk  
  137  12:28  Roach  
  134  12:51  Zerg Melee Weapons Level 2  
  133  12:59  Hydralisk x3  
  133  13:00  Roach x4, Hydralisk x2  
  149  13:17  Queen x2  
  151  13:23  Hydralisk  
  153  13:28  Overlord x5  
  153  13:32  Muscular Augments  
  153  13:33  Glial Reconstitution  
  149  13:46  Hydralisk x4  
  149  13:47  Roach x4, Hydralisk  
  153  14:00  Hydralisk  
  153  14:01  Roach, Hydralisk  
  135  14:19  Roach, Hydralisk x3  
  135  14:20  Roach x2  
  143  14:35  Hydralisk x2  
  143  14:36  Roach  
  81  15:11  Hydralisk x5  
  81  15:12  Roach x4  
  99  15:27  Hatchery  
  98  15:36  Ravager  
  98  15:37  Ravager x2  
  98  15:42  Zergling x4  
  103  15:43  Zergling x8  
  107  16:03  Hydralisk  
  107  16:04  Roach, Hydralisk  
  107  16:05  Zergling x2  
  107  16:27  Zergling x2  
  107  16:28  Zergling x6  
  92  17:12  Hydralisk x3  
  92  17:13  Roach x2  
  92  17:14  Zergling x2  
  103  17:21  Overseer x2  
  103  17:29  Extractor  
  102  17:32  Extractor  
  101  17:39  Queen  
  101  17:43  Hydralisk x2  
  105  17:44  Roach  
  109  18:06  Zergling x2  
  109  18:07  Zergling x24  
  122  18:45  Zergling x24  
  105  19:41  Hydralisk x2  
  105  19:42  Roach x3, Hydralisk x3  
  105  19:43  Roach x2  
Show
View Real Time Build Order
Export as new Build Order

Throwfordays Protoss - Winner!

Build Orders: Double Forge, Nexus First 

Get SALT Encoding   

  12  0:00  Probe  
  13  0:13  Probe  
  14  0:25  Probe  
  15  0:47  Nexus  
  15  0:56  Pylon  
  15  1:04  Assimilator  
  15  1:14  Probe  
  15  1:15  Gateway  
  16  1:26  Probe  
  17  1:38  Probe  
  18  1:43  Assimilator  
  18  1:50  Probe  
  19  2:03  Cybernetics Core, Probe  
  19  2:04  Forge, Probe  
  21  2:12  Probe  
  21  2:21  Probe  
  21  2:22  Warp Gate  
  22  2:25  Probe  
  24  2:34  Probe  
  25  2:37  Probe  
  25  2:40  Zealot  
  28  2:46  Probe  
  28  2:49  Probe  
  30  2:52  Gateway  
  30  2:53  Protoss Ground Weapons Level 1  
  30  2:58  Probe  
  31  3:01  Pylon  
  31  3:10  Probe  
  31  3:12  Twilight Council  
  32  3:19  Pylon  
  32  3:20  Zealot  
  32  3:26  Probe  
  35  3:35  Probe  
  35  3:38  Probe  
  37  3:48  Probe  
  38  3:50  Probe  
  38  3:52  Assimilator  
  39  3:56  Assimilator  
  39  4:00  Probe  
  39  4:02  Probe  
  41  4:12  Probe  
  41  4:14  Probe  
  44  4:24  Probe  
  44  4:26  Probe  
  44  4:27  Charge  
  45  4:31  Gateway  
  45  4:32  Gateway  
  45  4:36  Gateway, Probe  
  45  4:37  Gateway  
  46  4:38  Probe  
  46  4:44  Pylon  
  47  4:47  Forge  
  47  4:48  Probe  
  47  4:50  Probe  
  49  4:54  Pylon  
  49  5:00  Probe  
  49  5:02  Probe  
  49  5:06  Protoss Ground Weapons Level 2, Photon Cannon  
  51  5:10  Photon Cannon  
  51  5:11  Protoss Ground Armor Level 1  
  51  5:12  Photon Cannon  
  51  5:16  Photon Cannon  
  51  5:35  Nexus  
  51  5:39  Assimilator  
  51  5:42  Assimilator  
  51  5:46  Pylon  
  51  5:57  Probe  
  51  6:00  Probe  
  53  6:09  Probe  
  54  6:11  Pylon  
  54  6:12  Probe  
  54  6:16  Pylon  
  54  6:18  Pylon  
  55  6:21  Pylon, Probe  
  55  6:24  Probe  
  57  6:33  Probe  
  57  6:36  Probe  
  59  6:45  Probe  
  60  6:47  Probe  
  60  6:48  Probe  
  60  6:50  Blink  
  62  6:59  Nexus, Probe  
  63  7:01  Assimilator  
  63  7:05  Assimilator  
  63  7:06  Protoss Air Weapons Level 1  
  63  7:07  Pylon  
  63  7:11  Probe  
  64  7:23  Probe  
  65  7:32  Photon Cannon  
  65  7:34  Photon Cannon  
  65  7:36  Photon Cannon, Probe  
  66  7:39  Photon Cannon  
  66  7:40  Zealot x3  
  66  7:41  Zealot x3  
  78  8:11  Probe  
  79  8:16  Protoss Ground Weapons Level 3  
  79  8:20  Protoss Ground Armor Level 2  
  79  8:23  Probe  
  80  8:29  Zealot x5  
  80  8:30  Zealot  
  92  8:35  Probe  
  93  8:47  Probe  
  94  8:50  Gateway x2  
  94  8:51  Gateway  
  94  8:55  Gateway  
  94  8:59  Probe  
  94  9:00  Forge  
  95  9:05  Zealot x3  
  95  9:06  Zealot x3  
  107  9:48  Zealot x3  
  107  9:49  Zealot x5  
  107  9:50  Zealot  
  107  9:52  Zealot  
  91  10:03  Protoss Shields Level 1  
  85  10:11  Stalker x3  
  85  10:12  Stalker x4  
  85  10:13  Stalker x3  
  87  10:39  Stalker x3  
  87  10:40  Stalker x4  
  87  10:41  Stalker x2  
  87  10:42  Stalker  
  107  10:43  Probe  
  96  10:55  Probe  
  89  11:02  Robotics Facility x2  
  89  11:04  Stalker x3  
  89  11:05  Stalker x4, Robotics Facility  
  89  11:06  Stalker x3  
  89  11:08  Probe  
  110  11:20  Probe  
  109  11:32  Probe  
  110  11:46  Stalker x7  
  110  11:47  Stalker x3  
  126  11:51  Protoss Ground Armor Level 3  
  130  11:56  Protoss Shields Level 2  
  120  13:06  Stalker x2  
  120  13:07  Stalker x7  
  120  13:08  Stalker  
  120  13:12  Probe  
  141  13:18  Shield Battery  
  141  13:21  Shield Battery  
  141  13:22  Photon Cannon  
  141  13:24  Shield Battery, Probe  
  141  13:25  Shield Battery  
  141  13:26  Photon Cannon  
  142  13:27  Photon Cannon  
  142  13:36  Probe  
  143  13:48  Probe  
  136  14:00  Probe  
  111  14:18  Zealot  
  111  14:19  Zealot x4  
  111  14:20  Zealot x5  
  127  14:38  Protoss Shields Level 3  
  79  14:55  Robotics Bay  
  77  15:02  Protoss Air Armor Level 1  
  77  15:11  Probe  
  79  15:28  Templar Archives, Observer x2, Dark Shrine  
  79  15:29  Observer  
  81  15:36  Resonating Glaives  
  81  15:40  Adept  
  81  15:41  Adept x5  
  81  15:42  Adept x3  
  97  15:43  Adept  
  101  16:03  Adept  
  101  16:04  Adept x3  
  107  16:05  Adept x4  
  107  16:06  Adept x2  
  117  16:26  Adept x2  
  117  16:27  Adept x3  
  117  16:28  Adept x2  
  117  16:29  Adept x3  
  113  16:50  High Templar  
  113  16:51  High Templar x4  
  113  16:52  High Templar x2  
  113  16:53  High Templar x2  
  131  16:54  High Templar  
  131  16:57  Archon x4  
  131  16:58  Archon  
  133  17:16  Gravitic Boosters  
  133  17:22  Pylon  
  133  17:23  Pylon  
  133  17:25  Pylon  
  133  17:27  Pylon  
  133  17:30  Pylon  
  133  17:31  Pylon  
  133  17:32  Pylon  
  133  17:34  Pylon  
  133  17:50  Nexus  
  133  17:51  Pylon  
  133  17:52  Adept x4  
  133  17:53  Adept x3  
  133  17:54  Adept x3  
  153  18:13  Extended Thermal Lance  
  153  18:18  Photon Cannon  
  153  18:19  Photon Cannon  
  153  18:20  Photon Cannon  
  153  18:22  Photon Cannon  
  153  18:24  Photon Cannon  
  153  18:28  Assimilator  
  153  18:33  Assimilator  
  153  18:38  High Templar x2  
  153  18:39  High Templar x7  
  153  18:40  High Templar  
  173  18:46  Archon x5  
  173  19:03  Shield Battery x2  
  173  19:05  Shield Battery  
  173  19:07  Shield Battery  
  173  19:10  Shield Battery  
  173  19:11  Shield Battery, Zealot x2  
  173  19:12  Zealot x4  
  173  19:13  Zealot  
  173  19:14  Shield Battery, Zealot x2  
  173  19:16  Zealot  
  185  19:36  Zealot x4  
  185  19:37  Zealot x5  
  185  19:38  Zealot  
  171  20:23  Nexus  
Show
View Real Time Build Order
Export as new Build Order

Cthulhu Zerg - Winner!

Build Orders: Pool First 

Get SALT Encoding   

  12  0:01  Drone  
  13  0:10  Drone  
  14  0:16  Extractor  
  14  0:18  Drone  
  15  0:23  Overlord  
  15  0:42  Spawning Pool  
  15  0:44  Extractor  
  15  0:46  Extractor, Drone  
  13  0:50  Drone  
  13  0:56  Drone  
  15  1:13  Drone  
  15  1:14  Drone  
  17  1:28  Drone  
  20  1:34  Lair  
  18  1:43  Overlord  
  18  1:46  Drone  
  19  2:11  Drone  
  20  2:15  Drone  
  20  2:17  Overlord  
  21  2:33  Queen  
  23  2:37  Spire  
  22  2:51  Overlord  
  22  3:09  Queen  
  24  3:15  Drone  
  24  3:17  Drone  
  26  3:33  Drone  
  27  3:51  Mutalisk x5  
  37  3:56  Queen  
  37  3:58  Metabolic Boost  
  39  4:12  Overlord x2  
  39  4:30  Zerg Flyer Weapons Level 1  
  37  4:58  Overlord x6  
  35  5:12  Mutalisk x3  
  41  5:40  Mutalisk x4  
  49  6:01  Mutalisk x2  
  53  6:15  Queen  
  55  6:22  Infestation Pit  
  54  6:31  Drone x3  
  55  7:03  Zergling x4  
  55  7:25  Infestor x2  
  55  8:04  Infestor x2  
  55  8:20  Overlord  
  55  8:21  Zergling x2  
  56  8:43  Queen  
  58  8:51  Zerg Flyer Weapons Level 2  
  58  9:16  Hatchery  
  57  9:18  Queen  
  59  9:24  Zergling x6  
  62  9:50  Hatchery  
  59  9:56  Burrow  
  53  11:00  Zergling x2  
  53  11:01  Zergling x16  
  62  11:06  Drone  
  62  11:09  Queen  
  63  11:45  Queen  
  63  11:46  Zergling x10  
  70  11:58  Zergling x4  
  70  11:59  Zergling x2  
  73  12:30  Drone x2  
  73  12:31  Drone  
  68  12:46  Mutalisk  
  68  12:47  Mutalisk x4  
  61  13:08  Drone x3  
  61  13:09  Drone x2  
  66  13:18  Infestor  
  66  13:19  Drone, Infestor  
  71  13:27  Evolution Chamber  
  71  13:28  Hive  
  70  13:39  Neural Parasite  
  70  13:46  Infestor  
  70  13:47  Infestor x2  
  76  13:50  Drone x3  
  76  13:52  Extractor  
  78  13:56  Extractor  
  75  14:24  Infestor  
  75  14:26  Zergling x2  
  75  14:27  Zergling x8  
  61  15:42  Zergling x16  
  61  17:39  Adrenal Glands  
  61  17:46  Zergling x24  
  61  17:47  Zergling x14  
  80  18:26  Zergling x10  
  80  18:27  Zergling x2  
  62  18:51  Infestor x3  
  62  18:52  Infestor x5  
  61  18:57  Hatchery  
  60  19:14  Zergling x2  
  60  19:15  Zergling x2  
  52  19:53  Drone x5  
  52  20:04  Drone x17  
  52  20:25  Hatchery  
Show
View Real Time Build Order
Export as new Build Order

Faust Terran - Winner!

Build Orders:  

Get SALT Encoding   

  12  0:00  SCV  
  13  0:13  SCV  
  14  0:21  Supply Depot  
  14  0:25  SCV  
  15  0:43  SCV  
  16  0:50  Refinery  
  16  0:52  Barracks  
  16  0:55  SCV  
  17  1:07  SCV  
  19  1:28  SCV  
  19  1:31  Barracks  
  19  1:39  Reaper  
  20  1:47  Barracks  
  20  1:51  SCV  
  21  1:58  Refinery  
  21  2:03  SCV  
  22  2:12  Reaper  
  23  2:16  Orbital Command  
  23  2:21  Supply Depot  
  23  2:43  Reaper x2  
  25  2:47  Command Center  
  25  2:51  SCV  
  25  2:54  Reaper  
  27  3:11  SCV  
  28  3:16  Reaper x2  
  30  3:26  Reaper  
  31  3:45  Supply Depot  
  31  3:46  Supply Depot  
  31  3:48  Supply Depot  
  31  3:58  SCV  
  31  3:59  Supply Depot  
  30  4:10  SCV  
  30  4:15  SCV  
  32  4:17  Barracks Reactor  
  32  4:23  SCV  
  32  4:27  SCV  
  32  4:28  Barracks Reactor  
  33  4:34  Barracks Tech Lab  
  33  4:35  SCV  
  34  4:39  SCV  
  33  4:47  SCV  
  33  4:59  SCV, Orbital Command  
  32  5:07  Factory  
  32  5:11  SCV  
  33  5:16  Refinery  
  33  5:19  Refinery  
  33  5:23  SCV  
  34  5:29  Marine x2  
  34  5:30  Marine x2  
  34  5:31  Command Center  
  34  5:35  SCV  
  39  5:38  SCV  
  40  5:43  Supply Depot  
  40  5:47  SCV  
  41  5:54  Stimpack  
  41  5:55  Starport  
  41  5:57  SCV  
  41  5:58  Factory Tech Lab  
  41  5:59  SCV  
  43  6:09  SCV  
  44  6:11  SCV  
  44  6:12  Marine x4  
  44  6:13  Marine  
  50  6:21  SCV  
  50  6:23  SCV  
  52  6:31  Marine x4  
  52  6:32  Marine  
  57  6:33  SCV  
  57  6:34  Starport Tech Lab  
  57  6:36  SCV, Starport  
  59  6:43  Fusion Core  
  59  6:50  Engineering Bay  
  59  6:51  Engineering Bay  
  59  7:03  SCV  
  59  7:05  SCV  
  61  7:10  Orbital Command  
  61  7:17  SCV x2  
  63  7:23  Marine x4  
  63  7:24  Marine  
  63  7:27  Starport Tech Lab  
  63  7:29  SCV  
  69  7:33  Combat Shield  
  69  7:35  Battlecruiser  
  78  7:47  Battlecruiser  
  78  7:50  Supply Depot  
  81  7:53  Supply Depot  
  81  7:55  Supply Depot  
  81  8:00  SCV  
  81  8:01  SCV x2, Armory x2  
  81  8:05  Refinery  
  84  8:06  Refinery  
  84  8:13  SCV x3  
  84  8:18  Marine x5  
  92  8:24  Supply Depot  
  92  8:25  SCV x3  
  95  8:30  Weapon Refit  
  95  8:36  Marine  
  95  8:37  SCV x3  
  99  8:49  SCV x2  
  99  8:52  Concussive Shells  
  99  8:53  Battlecruiser x2  
  113  8:56  Terran Infantry Weapons Level 1  
  113  8:58  Terran Infantry Armor Level 1  
  113  9:00  Command Center  
  113  9:02  Terran Ship Weapons Level 1  
  113  9:04  Terran Vehicle And Ship Armor Level 1  
  112  9:10  SCV  
  112  9:14  Marine x4  
  112  9:15  Marine  
  118  9:19  Widow Mine  
  98  10:00  Battlecruiser x2  
  82  10:20  Marine x4  
  82  10:21  Marine  
  81  10:47  Starport x2  
  81  11:04  Battlecruiser x2  
  91  11:14  Hyperflight Rotors  
  91  11:20  Cloaking Field  
  91  11:28  Terran Vehicle And Ship Armor Level 2  
  91  11:33  Starport Tech Lab x2  
  91  11:52  Command Center  
  97  12:11  Banshee x4  
  103  12:28  Marine x2  
  103  12:29  Marine x3  
  108  12:41  Terran Ship Weapons Level 2  
  108  12:58  Banshee x3  
  114  13:03  Banshee  
  120  13:49  Hellion  
  120  13:51  Banshee x3  
  131  14:00  Supply Depot x2  
  131  14:01  Supply Depot  
  131  14:02  Supply Depot  
  131  14:03  Banshee, Supply Depot x2  
  131  14:09  Supply Depot  
  128  14:33  Banshee  
  128  14:34  Banshee x2  
  125  14:46  Banshee  
  104  15:01  Refinery  
  104  15:02  SCV x3  
  104  15:04  Marine x2  
  104  15:05  Marine x3  
  112  15:14  SCV x2  
  112  15:15  SCV  
  112  15:16  Banshee x2  
  112  15:17  Banshee  
  124  15:22  Marine x3  
  124  15:24  Refinery  
  124  15:26  SCV x2  
  124  15:27  SCV  
  130  15:28  Banshee  
  133  15:37  Marine x2  
  133  15:40  Marine  
  133  15:42  SCV x2  
  139  15:51  Planetary Fortress  
  139  15:54  SCV x2  
  139  15:57  Marine x3  
  140  15:58  Command Center  
  140  15:59  Marine, Banshee x3  
  153  16:06  SCV x2  
  155  16:11  Banshee  
  155  16:18  Marine x4, SCV  
  159  16:19  Marine  
  159  16:23  Terran Infantry Weapons Level 2  
  159  16:24  Terran Infantry Armor Level 2  
  164  16:42  Banshee  
  164  16:44  Viking  
  164  16:45  Viking  
  171  16:58  Viking  
  173  17:14  Viking  
  175  17:18  Refinery  
  175  17:20  SCV x2  
  175  17:21  Planetary Fortress  
  177  17:23  SCV  
  177  17:25  Factory Reactor  
  177  17:27  Viking x2  
  182  17:32  Marine, SCV  
  182  17:33  Marine x2  
  182  17:34  Marine x2  
  188  17:46  Refinery  
  188  17:50  Marine  
  189  17:54  SCV  
  189  17:55  SCV x2  
  192  17:58  Viking  
  192  17:59  Viking x3  
Tags
 
Add a new tag
Caveats
  • Supply blocks, unpowered buildings, or Contaminate may cause inaccurate times.
  • Supply counts are checked every 10 seconds.